 Dungeon Crawl Stone Soup version 0.27.1 (webtiles) character file.

Game seed: 13839458258107028308

2977 bnorton916 the Jinx (level 9, -5/45 HPs)
             Began as a Deep Elf Conjurer on Aug 29, 2021.
             Was a Follower of Vehumet.
             Shot with an arrow by a centaur warrior (19 damage)
             ... on level 8 of the Dungeon.
             The game lasted 00:13:56 (9027 turns).

bnorton916 the Jinx (Deep Elf Conjurer)             Turns: 9027, Time: 00:13:56

Health: -5/45      AC:  4    Str:  5    XL:     9   Next: 53%
Magic:  15/21      EV: 13    Int: 26    God:    Vehumet [*.....]
Gold:   373        SH:  0    Dex: 19    Spells: 11/22 levels left

rFire    . . .     SeeInvis .   (no weapon)
rCold    . . .     Faith    .   (no shield)
rNeg     . . .     Spirit   .   (no armour)
rPois    .         Reflect  .   p - +0 helmet
rElec    .         Harm     .   d - +1 cloak
rCorr    .         Rampage  .   k - +0 pair of gloves
Will     .....                  (no boots)
Stlth    ++........             (no amulet)
HPRegen  0.15/turn              g - +6 ring of dexterity
MPRegen  0.17/turn              (no ring)

@: no status effects
A: no striking features
a: Renounce Religion


You were on level 8 of the Dungeon.
You worshipped Vehumet.
Vehumet was aware of your devotion.
You visited 2 branches of the dungeon, and saw 9 of its levels.

You collected 373 gold pieces.

Inventory:

Missiles
 c - 362 stones
Armour
 a - a +0 robe
 b - +0 acid dragon scales
 d - a +1 cloak (worn)
 j - a +2 leather armour of willpower
 k - a +0 pair of gloves (worn)
 l - a +2 robe of fire resistance
 p - a +0 helmet (worn)
Jewellery
 g - a +6 ring of dexterity (left hand)
Scrolls
 e - 3 scrolls of noise
 i - 2 scrolls of identify
 m - a scroll of fear
 n - 3 scrolls of teleportation
 r - a scroll of amnesia
 s - a scroll of magic mapping
 t - a scroll of blinking {unknown}
Potions
 f - 3 potions of ambrosia
 h - a potion of cancellation
 o - a potion of brilliance
 q - a potion of haste


   Skills:
 + Level 3.6 Armour
 - Level 2.4 Dodging
 - Level 2.4 Stealth
 - Level 7.0 Spellcasting
 - Level 6.9 Conjurations
 + Level 9.5 Hexes
 + Level 7.9 Translocations


You had 11 spell levels left.
You knew the following spells:

 Your Spells              Type           Power      Damage    Failure   Level
a - Magic Dart            Conj           100%       1d8       1%          1
b - Searing Ray           Conj           90%        3d6       1%          2
c - Fulminant Prism       Conj/Hex       25%        3d14      2%          4
d - Iskenderun's Mystic   Conj/Tloc      47%        2d10      3%          4

Your spell library contained the following spells:

 Spells                   Type           Power      Damage    Failure   Level
 Foxfire                  Conj/Fire      100%       2x1d9     1%          1
 Dazzling Flash           Conj/Hex       100%       N/A       1%          3
 Gell's Gravitas          Tloc           25%        N/A       1%          3
 Teleport Other           Tloc           50%        N/A       1%          3
 Conjure Flame            Conj/Fire      27%        6-21      4%          3
 Sticky Flame             Conj/Fire      27%        2d5       16%         4
 Ignite Poison            Fire/Tmut/Pois 9%         N/A       19%         3
 Summon Mana Viper        Hex/Summ       33%        N/A       24%         5
 Dispersal                Tloc           25%        N/A       34%         6
 Summon Ice Beast         Ice/Summ       9%         N/A       52%         4
 Monstrous Menagerie      Summ           4%         N/A       100%        7


Dungeon Overview and Level Annotations

Branches:
Dungeon (8/15)             Temple (1/1) D:4
   Lair: D:8-11

Altars:
Cheibriados
Dithmenos
Elyvilon
Fedhas
Makhleb
Qazlal
Ru
Sif Muna
Trog
Uskayaw
Vehumet
Wu Jian
Xom
The Shining One
Lugonu

Shops:
D:2 [

Annotations:
D:4 1 runed translucent door, ZARRMARR's ghost, amateur PaFi


Message History

Aim: an acid dragon (82% to hit)
The searing ray hits the acid dragon.
The acid dragon is lightly wounded. (Press . to maintain the ray.) Unknown command.
The searing ray misses the acid dragon.
The searing ray hits the acid dragon.
The acid dragon is moderately wounded.
The searing ray hits the acid dragon!
The acid dragon is almost dead.
You finish channeling your searing ray.
The acid dragon bites you but does no damage.
The acid dragon claws you but does no damage.
Unknown command.
Casting: Searing Ray (safe; 1% risk of failure)
Confirm with . or Enter, or press ? or * to list all spells.
Aiming: Searing Ray (safe; 1% risk of failure)
Press: ? - help, Shift-Dir - straight line, f/p - acid dragon
Aim: an acid dragon (almost dead, 82% to hit)
The searing ray hits the acid dragon.
You kill the acid dragon!
Vehumet accepts your kill. (Press . to maintain the ray.)
You start removing your armour.
You continue taking off your +0 acid dragon scales. x4
You finish taking off your +0 acid dragon scales.
Unknown command.
Casting: Searing Ray (safe; 1% risk of failure)
Confirm with . or Enter, or press ? or * to list all spells.
Aiming: Magic Dart (safe; 1% risk of failure)
Press: ? - help, Shift-Dir - straight line, f - centaur warrior
Aim: a centaur warrior, quivering arrows (wandering, hasn't noticed you, 100% to hit)
The magic dart hits the centaur warrior.
The centaur warrior is lightly wounded.
The centaur warrior shouts!
The centaur warrior wields a +0 longbow.
The centaur warrior shoots an arrow.
The arrow hits you!!
Ouch! That really hurt!
The centaur warrior shoots an arrow.
The arrow hits you!!
You die...

#.#....#KK.#.
.#....'....
......#.).#####
c......!......#
.#. ..).*.......#
W#.. .... ......<
.#...##.##.......
.#.......#.......
##.##.#.[@.......
# #..........
#..........
#...##.#### #....
... #..... (...
#...... ...
#...... ...
#......


You could see a centaur warrior.

Vanquished Creatures
  Maggie (D:6)
  Prince Ribbit (D:6)
  A steam dragon (D:7)
  An acid dragon (D:8)
  Duvessa (D:6)
  An orc warrior (D:7)
  A sky beast (D:7)
  2 ice beasts
  2 centaurs (D:7)
  An ogre (D:7)
  2 kobold brigands
  3 bullfrogs (D:7)
  Dowan (D:6)
  2 wyvern skeletons
  A water moccasin zombie (D:5)
  9 wights
  2 howler monkeys
  A bullfrog zombie (D:5)
  4 hounds
  2 centaur skeletons
  4 orc wizards
  An iguana (D:6)
  2 killer bee zombies
  2 howler monkey zombies
  10 adders
  A howler monkey skeleton (D:6)
  A shadow imp (D:7)
  2 white imps
  An ufetubus (D:6)
  2 worms
  9 orcs
  9 endoplasms
  2 giant cockroaches
  13 goblins
  3 hobgoblins
  3 jackals (D:5)
  9 kobolds
  7 quokkas
  8 ball pythons
  6 bats
  8 frilled lizards
  5 rats
147 creatures vanquished.

Vanquished Creatures (others)
  10 fulminant prisms
  7 plants
17 creatures vanquished.

Grand Total: 164 creatures vanquished

Notes
Turn   | Place    | Note
-------+----------+-------------------------------------------
     0 | D:1      | bnorton916 the Deep Elf Conjurer began the quest for the
                  | Orb.
     0 | D:1      | Reached XP level 1. HP: 10/10 MP: 6/6
   356 | D:1      | Reached XP level 2. HP: 15/15 MP: 5/8
  1185 | D:2      | Reached skill level 5 in Conjurations
  1185 | D:2      | Reached XP level 3. HP: 19/19 MP: 2/10
  1571 | D:2      | Learned a level 2 spell: Searing Ray
  1735 | D:2      | Found Ivvares's Antique Armour Shop.
  1916 | D:2      | Reached XP level 4. HP: 24/24 MP: 5/12
  2334 | D:2      | Reached skill level 5 in Spellcasting
  2911 | D:3      | Noticed an ice beast
  2930 | D:3      | Killed an ice beast
  2931 | D:3      | Reached XP level 5. HP: 16/28 MP: 3/15
  3786 | D:4      | Found a staircase to the Ecumenical Temple.
  3796 | Temple   | Entered the Ecumenical Temple
  3880 | D:4      | Found a blossoming altar of Fedhas.
  3930 | D:4      | Reached XP level 6. HP: 22/32 MP: 11/17
  4062 | D:4      | Found a runed translucent door.
  4067 | D:4      | Noticed ZARRMARR's ghost (amateur PaFi)
  4209 | D:4      | Found a stormy altar of Qazlal.
  4753 | D:5      | Entered Level 5 of the Dungeon
  4821 | D:4      | Learned a level 4 spell: Fulminant Prism
  4826 | D:4      | Learned a level 4 spell: Iskenderun's Mystic Blast
  4848 | D:5      | Reached skill level 1 in Hexes
  4848 | D:5      | Reached skill level 1 in Translocations
  4852 | D:5      | Reached skill level 2 in Hexes
  4852 | D:5      | Reached XP level 7. HP: 25/36 MP: 9/19
  4992 | D:5      | Reached skill level 3 in Hexes
  5064 | D:5      | Found a burning altar of Makhleb.
  5112 | D:5      | Found a radiant altar of Vehumet.
  5127 | D:5      | Became a worshipper of Vehumet
  5206 | D:5      | Reached skill level 4 in Hexes
  5527 | D:6      | Found an ornate altar of the Wu Jian Council.
  5620 | D:6      | Reached skill level 5 in Hexes
  5689 | D:6      | Noticed Maggie
  5734 | D:6      | Killed Maggie
  5735 | D:6      | Reached skill level 6 in Hexes
  5735 | D:6      | Reached skill level 5 in Translocations
  5735 | D:6      | Reached XP level 8. HP: 19/41 MP: 6/20
  6098 | D:6      | Noticed Duvessa
  6098 | D:6      | Noticed Dowan
  6209 | D:6      | Noticed Prince Ribbit
  6218 | D:6      | Killed Prince Ribbit
  6219 | D:6      | Reached skill level 7 in Hexes
  6502 | D:6      | Killed Duvessa
  6565 | D:6      | Killed Dowan
  6896 | D:6      | Found a snail-covered altar of Cheibriados.
  7224 | D:6      | Found a sacrificial altar of Ru.
  7385 | D:7      | Reached skill level 1 in Armour
  7447 | D:7      | Reached skill level 8 in Hexes
  7721 | D:7      | Reached XP level 9. HP: 45/45 MP: 14/21
  7864 | D:7      | Found a shimmering blue altar of Sif Muna.
  7947 | D:7      | Reached * piety under Vehumet
  7947 | D:7      | Offered knowledge of Foxfire by Vehumet.
  8168 | D:7      | Reached skill level 9 in Hexes
  9024 | D:8      | Noticed a centaur warrior
  9027 | D:8      | Shot with an arrow by a centaur warrior

Illustrated notes

Levels and vault maps discovered:
D:1:      onia_arrival_pentagram, layout_loops_corners
D:2:      minmay_razor_zed, layout_basic, serial_shops, nicolae_shop_waterfront,
          minmay_stone_trees_medium, minmay_tetromino_o2
D:3:      layout_basic, minmay_misc_feat_enclosed
D:4:      layout_rooms, fedhas_altar_1, nicolae_qazlal_general_emergency,
          minmay_temple_entry_overgrown, ebering_ghost_sewer_d,
          serial_bayou_lagoon_b
D:5:      layout_layer_cave, mainiacjoe_overflow_small_starburst,
          general_overflow_altar, lemuel_doored_altar, bloody_makhleb,
          minmay_increasing_density
D:6:      layout_basic, nicolae_wu_jian_wuxing_cycle,
          mainiacjoe_overflow_catwalk, kennysheep_mini, serial_bayou,
          serial_bayou_shore_b, serial_bayou_pond_e, serial_bayou_pond_e,
          serial_bayou_pond_d, lightli_ossuary_entry_decrepit_ruins,
          uniq_prince_ribbit1, uniq_maggie, uniq_duvessa
D:7:      cheibrodos_barr_body, layout_cave_pools, led_sif_book
D:8:      layout_basic, old_standard_altar, dk_yredelemnul_ordeal,
          mainiacjoe_overflow_alcove_2, gammafunk_ghost_mausoleum,
          minmay_radiant, uniq_erica
Temple:   corrupted_temple

Skill      XL: |  1  2  3  4  5  6  7  8  9 |
---------------+----------------------------+-----
Spellcasting   | 4 5 6 7 |  7.0
Conjurations   | 5 6 |  6.9
Hexes          | 2 6 8 9 |  9.5
Translocations | 1 5 6 7 |  7.9
Armour         | 2 3 |  3.6
Dodging        | |  2.4
Stealth        | |  2.4

Action                   |  1- 3 |  4- 6 |  7- 9 || total
-------------------------+-------+-------+-------++-------
 Cast: Magic Dart        |    75 |    78 |    87 ||   240
       Searing Ray       |       |    12 |    30 ||    42
       Iskenderun's Myst |       |       |     4 ||     4
       Fulminant Prism   |       |       |    10 ||    10
  Use: Scroll            |       |       |    11 ||    11
       Potion            |       |       |     7 ||     7
Armor: Robe              |     1 |     5 |     9 ||    15
       Skin              |       |       |     4 ||     4
       Acid dragon scale |       |       |     2 ||     2
Dodge: Dodged            |     2 |    11 |    20 ||    33
